 Dungeon Crawl Stone Soup version 0.14-a0-155-gd989017 (webtiles) character file.

95 Malachi the Bolt Thrower (level 3, 27/27 HPs)
             Began as a Vampire Hunter on Oct 4, 2013.
             Safely got out of the dungeon.
             The game lasted 00:01:46 (738 turns).

Malachi the Bolt Thrower (Vampire Hunter)            Turns: 738, Time: 00:01:46

HP  27/27        AC  3     Str 11      XL: 3   Next: 14%
MP   3/3         EV 11     Int 13      God:
Gold 61          SH  0     Dex 15      Spells:  0 memorised,  2 levels left

Res.Fire  : . . .   See Invis. : +   b - +1 crossbow
Res.Cold  : . . .   Warding    : .   d - +0 leather armour
Life Prot.: + + .   Conserve   : .   (no shield)
Res.Poison: .       Res.Corr.  : .   (no helmet)
Res.Elec. : .       Clarity    : .   (no cloak)
Sust.Abil.: . .     Spirit.Shd : .   (no gloves)
Res.Mut.  : .       Stasis     : .   (no boots)
Res.Rott. : .       Flight     : .   (no amulet)
Saprovore : . . .                    (no ring)
                                     l - ring of positive energy

@: slightly resistant to hostile enchantments, fairly stealthy
A: fangs 3, see invisible, unbreathing
a: Bat Form


You escaped.
You were not thirsty.

You visited 1 branch of the dungeon, and saw 1 of its levels.

You collected 41 gold pieces.

Inventory:

Hand weapons
 a - a +0,+0 short sword
 b - a +1,+1 crossbow (weapon)
Missiles
 c - 33 bolts (quivered)
Armour
 d - a +0 leather armour (worn)
Scrolls
 g - 2 scrolls of remove curse
Jewellery
 l - a ring of positive energy (left hand)
Potions
 e - a potion of blood
 f - a potion of agility {unknown}
 i - a potion of slowing {unknown}
 k - a potion of heal wounds {unknown}
 m - a potion of curing {unknown}
 n - a potion of brilliance {unknown}
 q - 2 potions of flight {unknown}


   Skills:
 + Level 0.8 Fighting
 + Level 4.2 Crossbows
 + Level 2.1 Dodging
 + Level 1.5 Stealth


You had 2 spell levels left.
You didn't know any spells.

Dungeon Overview and Level Annotations

Branches:
Dungeon (1/27)

Altars:


Innate Abilities, Weirdness & Mutations

You have razor-sharp teeth.*
You have supernaturally acute eyesight.
You can survive without breathing.*


Message History

Your +0 leather armour glows black for a moment.
It was a scroll of curse armour.
Read which item? (? for menu, Esc to quit)
As you read the scroll labeled PHUC SCHAYTHUMN, it crumbles to dust.
Use on which item? (\ to view known items) (? for menu, Esc to quit)
l - a ring of positive energy (left hand) It was a scroll of identify.
Read which item? (? for menu, Esc to quit)
As you read the scroll labeled TOONECA DUNWA, it crumbles to dust.
Your ring of positive energy glows black for a moment.
It was a scroll of curse jewellery.
Read which item? (? for menu, Esc to quit)
As you read the scroll labeled GHONOY FOUXT {tried}, it crumbles to dust.
You feel as if something is helping you.
It was a scroll of remove curse.
Your surroundings suddenly seem different.
There is a stone staircase leading down here.
There is a staircase leading out of the dungeon here.
Are you sure you want to leave the Dungeon?
This will make you lose the game!
You have escaped!

##.......##........#.###'##
#.#
...).....##.##....##.#....#
#.#
##..........#........#....#
#.#
.(.)....#####.............#
#.#
.#########.##.....#.....###
#.#
......####........#.....#
#.#
#.##.......##.....#.....#
#.#
...........#......##'####
#.# ##.........#....@.##.##
#.# ....####'#.#......###.#
#.# .....#...#.#......#
#>## #.#
.#####.###.#..###'# ##'#
#.# >^......).....###.#
#..# ###.#
######.#.###..##.## #..#
#...# .......#.#....##.#
#..# #.#.###
########.#.#..##'####..#
#.#...# ..#
#.#.#..#....##..# #.#.#.#


There were no monsters in sight!

Vanquished Creatures
  A gnoll (D:1)
  A giant gecko (D:1)
  An ooze (D:1)
  A ball python (D:1)
  4 hobgoblins (D:1)
  4 bats (D:1)
  2 giant newts (D:1)
  2 goblins (D:1)
  5 kobolds (D:1)
  2 rats (D:1)
23 creatures vanquished.

Notes
Turn   | Place    | Note
--------------------------------------------------------------
     0 | D:1      | Malachi, the Vampire Hunter, began the quest for the Orb.
     0 | D:1      | Reached XP level 1. HP: 16/16 MP: 1/1
   212 | D:1      | Reached XP level 2. HP: 22/22 MP: 2/2
   451 | D:1      | Reached skill level 4 in Crossbows
   451 | D:1      | Reached XP level 3. HP: 27/27 MP: 3/3
   738 | D:$      | Safely got out of the dungeon.

Action                   || total
-------------------------++-------
 Fire: Crossbow          ||    40
  Use: Scroll            ||     6
